 Dungeon Crawl Stone Soup version 0.29-a0-322-g68df515 (webtiles) character file.

Game seed: 8943698563606804669

392 Illumine the Shield-Bearer (level 6, -6/53 HPs)
             Began as a Gnoll Fighter on Apr 9, 2022.
             Mangled by Sigmund
             ... wielding a +0 scythe
              (10 damage)
             ... on level 4 of the Dungeon.
             The game lasted 00:02:55 (3218 turns).

Illumine the Shield-Bearer (Gnoll Fighter)          Turns: 3218, Time: 00:02:56

Health: -6/53      AC:  4    Str: 17    XL:     6   Next: 81%
Magic:  9/9        EV: 11    Int:  7    God:
Gold:   217        SH:  5    Dex: 12    Spells: 9/9 levels left

rFire   . . .      SeeInvis .   a - +0 long sword
rCold   + . .      Faith    .   c - +0 buckler
rNeg    + . .      Spirit   .   o - +1 leather armour {rC+}
rPois   .          Reflect  .   (no helmet)
rElec   .          Harm     .   (no cloak)
rCorr   .          Rampage  .   (no gloves)
Will    .....                   (no boots)
Stlth   ++........              (no amulet)
HPRegen 0.17/turn               k - ring of positive energy
MPRegen 0.11/turn               (no ring)

@: mighty
A: fangs 1, strong nose, distributed training
a: no special abilities


You were on level 4 of the Dungeon.
You visited 1 branch of the dungeon, and saw 4 of its levels.

You collected 217 gold pieces.

Inventory:

Hand Weapons
 a - a +0 long sword (weapon)
 b - a +0 hunting sling
Missiles
 e - 163 stones (quivered)
Armour
 c - a +0 buckler (worn)
 m - a +0 chain mail
 o - a +1 leather armour of cold resistance (worn)
 u - a +0 scale mail
Magical Staves
 f - a staff of earth
Jewellery
 k - a ring of positive energy (left hand)
 p - a ring of wizardry
Wands
 y - a wand of digging (1)
Scrolls
 g - 2 scrolls of fog {unknown}
 i - 2 scrolls of identify {unknown}
 j - a scroll of fear {unknown}
 r - a scroll of holy word {unknown}
 w - 3 scrolls of magic mapping {unknown}
 x - a scroll of enchant weapon {unknown}
 z - 2 scrolls of teleportation {unknown}
Potions
 h - 2 potions of berserk rage {unknown}
 l - 3 potions of lignification {unknown}
 n - 3 potions of curing {unknown}
 q - 2 potions of invisibility {unknown}
 s - a potion of cancellation {unknown}
 t - a potion of mutation {unknown}
 v - 2 potions of ambrosia {unknown}


   Skills:
 + Level 6.9 Fighting
 + Level 2.1 Short Blades
 + Level 5.0 Long Blades
 + Level 2.1 Axes
 + Level 2.1 Maces & Flails
 + Level 2.1 Polearms
 + Level 2.1 Staves
 + Level 2.1 Slings
 + Level 2.1 Bows
 + Level 2.1 Crossbows
 + Level 2.1 Throwing
 + Level 6.9 Armour
 + Level 2.1 Dodging
 + Level 2.1 Stealth
 + Level 6.9 Shields
 + Level 2.1 Unarmed Combat
 + Level 2.1 Spellcasting
 + Level 1.6 Conjurations
 + Level 1.6 Hexes
 + Level 1.6 Summonings
 + Level 1.6 Necromancy
 + Level 1.6 Translocations
 + Level 1.6 Transmutations
 + Level 1.6 Fire Magic
 + Level 1.6 Ice Magic
 + Level 1.6 Air Magic
 + Level 1.6 Earth Magic
 + Level 1.6 Poison Magic
 + Level 2.3 Invocations
 + Level 2.1 Evocations


You had 9 spell levels left.
You didn't know any spells.
Your spell library contained the following spells:

 Spells                   Type           Power      Damage    Failure   Level
 Sandblast                Erth           6%         2d5       28%         1
 Passwall                 Tmut/Erth      2%         N/A       41%         2
 Stone Arrow              Conj/Erth      6%         3d7       65%         3


Dungeon Overview and Level Annotations

Branches:
Dungeon (4/15)
 Temple: D:4-7

Altars:

Shops:
D:2 **

Annotations:
D:4 Eustachio, Sigmund


Innate Abilities, Weirdness & Mutations

You have very sharp teeth.
Your uncanny sense of smell can sniff out nearby items.
Your experience applies equally to all skills.


Message History

You kill the endoplasm!
You now have 217 gold pieces (gained 13).
A sourceless malevolence fills the Dungeon... and a teleportation trap spontaneously manifests!
You are yanked towards some nearby monsters!
Your surroundings suddenly seem different.
Found 16 gold pieces.
Sigmund shouts!
The orc closely misses you. The orc closely misses you.
The orc hits you from afar with a +0 scythe!
Found a falchion.
Sigmund points at you and mumbles some strange words.
You are confused.
The orc hits you from afar with a +0 scythe!
The kobold shouts!
The quokka closely misses you. The orc closely misses you.
The orc attacks as you move away! The orc misses you. The quokka bites you.
The orc cheers loudly.
The orc closely misses you.
Sigmund says, "Now you see me, now you don't..."
The orc misses you. x2
The quokka bites you but does no damage.
Sigmund mumbles some strange words.
Sigmund flickers and vanishes!
Deactivating autopickup; reactivate with Ctrl-A.
The orc hits you from afar with a +0 scythe.
You feel less confused. The orc misses you.
The orc barely misses you. x2; The quokka bites you.
Okay, then.
You feel very mighty all of a sudden. You block the quokka's attack.
The orc barely misses you.
The orc hits you from afar with a +0 scythe!
* * * LOW HITPOINT WARNING * * *
The orc barely misses you. The orc attacks as you move away!
You block the orc's attack. The orc attacks as you move away!
The orc hits you with a +0 scythe!
* * * LOW HITPOINT WARNING * * *
The quokka bites you but does no damage.
The orc closely misses you. Something hits you!
You die...

.......##.........
........##........
#.............$.
#..............
#...........###
#...K..o.......
#....o.o...### .
######.r..#####...
#@...........
#.#{.........
#.#..........
#.#..........
.............
##...........
............
.........#...
...#......#.#.


You could see 3 orcs, a quokka and a kobold.

Vanquished Creatures
  Grinder (D:3)
  A jelly (D:3)
  An orc priest (D:3)
  A hound (D:3)
  5 adders
  2 worms (D:2)
  2 dart slugs
  4 orcs (D:3)
  7 bats
  5 endoplasms
  A giant cockroach (D:1)
  7 goblins
  6 hobgoblins
  4 jackals (D:2)
  6 quokkas
  6 ball pythons
  4 frilled lizards
  8 kobolds
  4 rats
75 creatures vanquished.

Vanquished Creatures (others)
  2 plants (D:2)
2 creatures vanquished.

Grand Total: 77 creatures vanquished

Notes
Turn   | Place    | Note
-------+----------+-------------------------------------------
     0 | D:1      | Illumine the Gnoll Fighter began the quest for the Orb.
     0 | D:1      | Reached XP level 1. HP: 23/23 MP: 1/1
   187 | D:1      | Reached XP level 2. HP: 29/29 MP: 2/2
   800 | D:1      | Reached XP level 3. HP: 25/35 MP: 3/3
  1294 | D:2      | Reached skill level 1 in Invocations
  1312 | D:2      | Reached skill level 1 in Short Blades
  1312 | D:2      | Reached skill level 1 in Axes
  1312 | D:2      | Reached skill level 1 in Maces & Flails
  1312 | D:2      | Reached skill level 1 in Polearms
  1312 | D:2      | Reached skill level 1 in Staves
  1312 | D:2      | Reached skill level 1 in Slings
  1312 | D:2      | Reached skill level 1 in Bows
  1312 | D:2      | Reached skill level 1 in Crossbows
  1312 | D:2      | Reached skill level 1 in Throwing
  1312 | D:2      | Reached skill level 1 in Dodging
  1312 | D:2      | Reached skill level 1 in Stealth
  1312 | D:2      | Reached skill level 1 in Unarmed Combat
  1312 | D:2      | Reached skill level 1 in Spellcasting
  1312 | D:2      | Reached skill level 1 in Evocations
  1409 | D:2      | Reached XP level 4. HP: 39/41 MP: 5/5
  1526 | D:2      | Found Beuk's Assorted Antiques.
  1831 | D:2      | Found Xueleeda's Magic Scroll Emporium.
  1932 | D:2      | Found Lofupes's General Store.
  2096 | D:3      | Found a faded altar of an unknown god.
  2140 | D:3      | Reached skill level 1 in Conjurations
  2140 | D:3      | Reached skill level 1 in Hexes
  2140 | D:3      | Reached skill level 1 in Summonings
  2140 | D:3      | Reached skill level 1 in Necromancy
  2140 | D:3      | Reached skill level 1 in Translocations
  2140 | D:3      | Reached skill level 1 in Transmutations
  2140 | D:3      | Reached skill level 1 in Fire Magic
  2140 | D:3      | Reached skill level 1 in Ice Magic
  2140 | D:3      | Reached skill level 1 in Air Magic
  2140 | D:3      | Reached skill level 1 in Earth Magic
  2140 | D:3      | Reached skill level 1 in Poison Magic
  2368 | D:3      | Reached XP level 5. HP: 44/47 MP: 5/7
  2387 | D:3      | Noticed Grinder
  2395 | D:3      | Paralysed by Grinder for 6 turns
  2403 | D:3      | Killed Grinder
  2404 | D:3      | Reached skill level 5 in Long Blades
  2404 | D:3      | Reached XP level 6. HP: 18/53 MP: 7/9
  2942 | D:4      | Noticed Eustachio
  2975 | D:4      | Noticed Sigmund
  3218 | D:4      | Mangled by Sigmund

Illustrated notes

Levels and vault maps discovered:
D:1:      erik_arrival_orb_chamber, layout_loops_corners, minmay_vboxes
D:2:      layout_loops_ring, serial_shops, nicolae_shop_overgrown_old_shop,
          nicolae_shop_hallway_plus, nicolae_lakefront_shop
D:3:      layout_rooms, dreamdust_ecumenical_altar_grove,
          mrwooster_statue_mirror, uniq_grinder
D:4:      layout_rooms, mainiacjoe_overflow_cross_hatched, sigmund_army,
          uniq_eustachio, uniq_menkaure

Skill      XL: |  1  2  3  4  5 |
---------------+----------------+-----
Invocations    | 1 2 |  2.3
Short Blades   | 1 2 |  2.1
Axes           | 1 2 |  2.1
Maces & Flails | 1 2 |  2.1
Polearms       | 1 2 |  2.1
Staves         | 1 2 |  2.1
Slings         | 1 2 |  2.1
Bows           | 1 2 |  2.1
Crossbows      | 1 2 |  2.1
Throwing       | 1 2 |  2.1
Dodging        | 1 2 |  2.1
Stealth        | 1 2 |  2.1
Unarmed Combat | 1 2 |  2.1
Spellcasting   | 1 2 |  2.1
Evocations     | 1 2 |  2.1
Conjurations   | 1 |  1.6
Hexes          | 1 |  1.6
Summonings     | 1 |  1.6
Necromancy     | 1 |  1.6
Translocations | 1 |  1.6
Transmutations | 1 |  1.6
Fire Magic     | 1 |  1.6
Ice Magic      | 1 |  1.6
Air Magic      | 1 |  1.6
Earth Magic    | 1 |  1.6
Poison Magic   | 1 |  1.6
Long Blades    | 5 |  5.0
Fighting       | |  6.9
Armour         | |  6.9
Shields        | |  6.9

Action                   |  1- 3 |  4- 6 || total
-------------------------+-------+-------++-------
Melee: Long sword        |    91 |   104 ||   195
       Bite              |     5 |    13 ||    18
  Use: Potion            |       |     3 ||     3
Armor: Scale mail        |    37 |       ||    37
       Chain mail        |    17 |    20 ||    37
       Leather armour    |       |    27 ||    27
Dodge: Dodged            |    42 |    66 ||   108
Block: Buckler           |    30 |    38 ||    68

Table legend: (Time is in decaauts)
 A = Elapsed time spent in this place.
 B = Non-inter-level travel time spent in this place.
 C = Inter-level travel time spent in this place.
 D = Time resting spent in this place.
 E = Time spent auto-exploring this place.
 F = Levels seen in this place.
 G = Mean time per level.
                   A        B        C        D        E       F      G
               +--------+--------+--------+--------+--------+-----+--------+
         Total |   3256 |   3036 |    220 |    215 |   2224 |   4 |  814.0 |
       Dungeon |   3256 |   3036 |    220 |    215 |   2224 |   4 |  814.0 |
               +--------+--------+--------+--------+--------+-----+--------+

Top non-repeatable levels by time:
     D:1: 1298 daAuts
     D:3: 1157 daAuts
     D:2: 744 daAuts
     D:4: 56 daAuts
